 Dungeon Crawl Stone Soup version 0.16.2-12-gd0ad4c3 (webtiles) character file.

3787 faibistes the Thaumaturge (level 9, -4/47 HPs)
             Began as a Deep Elf Wizard on Feb 15, 2019.
             Was an Elder of Sif Muna.
             Slain by a molten gargoyle
             ... wielding a +0 mace
              (13 damage)
             ... on level 10 of the Dungeon.
             The game lasted 00:25:16 (12034 turns).

faibistes the Thaumaturge (Deep Elf Wizard)        Turns: 12034, Time: 00:25:17

Health: -4/47      AC:  5    Str:  4    XL:     9   Next: 95%
Magic:  22/30      EV: 15    Int: 27    God:    Sif Muna [****..]
Gold:   356        SH:  0    Dex: 13    Spells: 6 memorised, 14 levels left

rFire  . . .     SeeInvis .     M - staff of air
rCold  . . .     Clarity  .     a - +0 robe
rNeg   . . .     SustAb   +     (no shield)
rPois  .         Gourm    .     b - +1 hat
rElec  +         Spirit   .     (no cloak)
rCorr  .         Warding  .     y - +1 pair of gloves
rMut   .         Stasis   .     (no boots)
MR     .....                    (no amulet)
Stlth  ++........               I - ring of flight
                                q - ring of sustain abilities

@: repel missiles, not resistant to hostile enchantments, unstealthy
A: no striking features
a: Channel Energy, Forget Spell, Renounce Religion, Evoke Flight


You were on level 10 of the Dungeon.
You worshipped Sif Muna.
Sif Muna was greatly pleased with you.
You were not hungry.

You visited 2 branches of the dungeon, and saw 11 of its levels.
You also visited: Sewer.

You collected 356 gold pieces.

Inventory:

Hand weapons
 e - a +0 club
 l - a +1 dagger
Armour
 a - a +0 robe (worn)
 b - a +1 hat (worn)
 y - a +1 pair of gloves (worn)
Magical staves
 M - an uncursed staff of air (weapon)
Jewellery
 q - a ring of sustain abilities (left hand)
 H - an uncursed ring of ice
 I - a ring of flight (right hand)
Magical devices
 j - a wand of fire (9)
 u - a wand of cold (11)
 w - a wand of flame (24)
Scrolls
 h - a scroll of blinking {unknown}
 m - a scroll of fear
 o - a scroll of magic mapping
 p - a scroll of recharging
 r - 3 scrolls of amnesia
 t - a scroll of noise {unknown}
 x - a scroll of remove curse
 C - a scroll of enchant weapon
 G - a scroll of immolation {unknown}
 J - a scroll of enchant armour
 K - a scroll of vulnerability {unknown}
Potions
 f - 4 potions of curing
 i - 3 potions of restore abilities
 k - 4 potions of heal wounds
 n - a potion of might
 v - a potion of mutation
 z - a potion of flight
 A - 6 potions of haste
 B - a potion of cure mutation
 D - 2 potions of brilliance
 F - a potion of degeneration {unknown}
Books
 c - a book of Minor Magic

   Spells                             Type                      Level
   a - Magic Dart                     Conjuration                  1
   b - Blink                          Translocation                2
   c - Call Imp                       Summoning                    2
   d - Repel Missiles                 Charms/Air                   2
   e - Slow                           Hexes                        2
   f - Conjure Flame                  Conjuration/Fire             3
   g - Mephitic Cloud                 Conjuration/Poison/Air       3
 N - a book of Summonings

   Spells                             Type                      Level
   a - Abjuration                     Summoning                    3
   b - Recall                         Summoning/Translocation      3
   c - Shadow Creatures               Summoning                    5
   d - Summon Demon                   Summoning                    5
   e - Summon Forest                  Summoning/Translocation      5
   f - Monstrous Menagerie            Summoning                    6
Comestibles
 d - 6 bread rations
 g - 5 meat rations
 s - 2 beef jerkies
 E - a slice of pizza
 L - 2 chunks of flesh


   Skills:
 + Level 1.2 Fighting
 + Level 6.4 Dodging
 - Level 2.4 Stealth
 * Level 9.9 Spellcasting
 + Level 7.2 Conjurations
 + Level 2.4 Charms
 - Level 1.1 Summonings
 + Level 3.3 Translocations
 * Level 5.2 Fire Magic
 - Level 4.4 Air Magic
 - Level 3.6 Poison Magic
 * Level 2.9 Invocations
 + Level 2.1 Evocations


You had 14 spell levels left.
You knew the following spells:

 Your Spells              Type           Power        Failure   Level  Hunger
a - Magic Dart            Conj           ####         1%          1    None
b - Conjure Flame         Conj/Fire      #####...     1%          3    None
c - Call Imp              Summ           ###.....     4%          2    None
d - Blink                 Tloc           N/A          1%          2    None
e - Mephitic Cloud        Conj/Pois/Air  ######..     1%          3    None
f - Repel Missiles        Chrm/Air       #####.       1%          2    None


Dungeon Overview and Level Annotations

Branches:
Dungeon (10/15)            Temple (1/1) D:5
   Lair: D:8-11         Orc: D:9-12

Altars:
Ashenzari
Cheibriados
Dithmenos
Elyvilon
Fedhas
Gozag
Kikubaaqudgha
Makhleb
Nemelex Xobeh
Okawaru
Qazlal
Ru
Sif Muna
Trog
Vehumet
Xom
Yredelemnul
Zin
The Shining One

Shops:
D:9 :


Message History

Press: ? - help, Dir - move target cursor, p - ogre The fire roars!
The lava snake is engulfed in noxious fumes.
The ogre is engulfed in roaring flames.
The ogre hits you with a giant club!!
A molten gargoyle comes into view. It is wielding a flail.
You hit the ogre.
The ogre is electrocuted!
The ogre is almost dead.
The molten gargoyle moves out of view.
The lava snake is engulfed in noxious fumes.
The lava snake appears confused.
The ogre is engulfed in roaring flames.
You kill the ogre!
The lava snake is engulfed in noxious fumes.
The lava snake appears confused.
The lava snake moves out of view.
You completely miss the centaur skeleton.
The centaur skeleton is engulfed in roaring flames.
The centaur skeleton barely misses you.
The molten gargoyle hits you with a mace!
* * * LOW HITPOINT WARNING * * *
You are engulfed in flames!
You die...

# ### .#
....###+#.#
#..........#
#.......@..#
#.#.#§#Z#9#.#
#§# #S# ..§
..# #.≈ ..#
#.≈≈ .#.. #.
.# § #


You could see a molten gargoyle, a water moccasin and a centaur skeleton.

Vanquished Creatures
  The ghost of faibistes the Thaumaturge, an experienced DEWz of Sif Muna (D:6)
  A troll (D:9)
  A wraith (D:9)
  A water moccasin (D:9)
  Menkaure (D:6)
  A black bear (D:6)
  A wasp (D:8)
  4 ogres
  3 centaurs
  3 phantoms
  An ice beast (D:5)
  5 giant frogs
  3 scorpions
  5 killer bees (D:9)
  2 crimson imps (D:6)
  A giant frog skeleton (D:9)
  2 orc priests (D:4)
  4 hounds
  A jelly (D:6)
  2 centaur skeletons
  5 iguanas
  Natasha (D:6)
  2 orc wizards
  3 worker ants
  A hound zombie (D:8)
  8 adders
  3 gnolls (D:5)
  A shadow imp (D:5)
  A giant mite (D:6)
  A worm (D:4)
  An adder skeleton (D:6)
  3 adder zombies
  15 orcs
  7 ball pythons
  13 bats
  A bat skeleton (D:4)
  2 bat zombies
  9 giant cockroaches
  14 goblins
  12 hobgoblins
  15 jackals
  18 kobolds
  An ooze (D:6)
  4 quokkas
  A giant cockroach zombie (D:5)
  A giant gecko skeleton (D:4)
  A giant gecko zombie (D:7)
  7 giant newts
  A giant spore (D:9)
  2 quokka skeletons
  23 rats
220 creatures vanquished.

Vanquished Creatures (collateral kills)
  A centaur (D:8)
  A big kobold (Sewer)
  A worker ant (D:6)
  2 river rats (D:3)
  2 worms
  2 orcs (D:3)
  A hobgoblin (D:1)
  A jackal (D:1)
11 creatures vanquished.

Grand Total: 231 creatures vanquished

Notes
Turn   | Place    | Note
--------------------------------------------------------------
     0 | D:1      | faibistes, the Deep Elf Wizard, began the quest for the Orb.
     0 | D:1      | Reached XP level 1. HP: 10/10 MP: 6/6
   291 | D:1      | Reached XP level 2. HP: 7/15 MP: 0/9
   507 | D:2      | Learned a level 2 spell: Blink
   510 | D:2      | Learned a level 2 spell: Call Imp
  1621 | D:1      | Reached XP level 3. HP: 19/19 MP: 7/13
  1626 | D:1      | Learned a level 3 spell: Conjure Flame
  1630 | D:1      | Learned a level 3 spell: Mephitic Cloud
  1966 | D:3      | Found a shimmering altar of Xom.
  2027 | D:3      | Reached skill level 5 in Spellcasting
  2212 | D:3      | Reached XP level 4. HP: 24/24 MP: 4/17
  2224 | D:3      | Learned a level 2 spell: Repel Missiles
  2259 | D:3      | Found a glowing drain.
  2298 | Sewer    | Entered a sewer
  2391 | Sewer    | Noticed a big kobold
  2417 | Sewer    | Killed a big kobold
  2617 | Sewer    | Found a white marble altar of Elyvilon.
  2901 | D:2      | Reached XP level 5. HP: 28/28 MP: 18/20
  3177 | D:2      | Found a deep blue altar of Sif Muna.
  3183 | D:2      | Became a worshipper of Sif Muna the Loreminder
  4314 | D:5      | Entered Level 5 of the Dungeon
  4380 | D:6      | Noticed a phantom
  4387 | D:6      | Reached skill level 6 in Spellcasting
  4396 | D:6      | Killed a phantom
  4396 | D:6      | Reached XP level 6. HP: 21/32 MP: 6/22
  4579 | D:5      | Noticed an ice beast
  4606 | D:5      | Killed an ice beast
  5053 | D:4      | Acquired Sif Muna's first power
  5053 | D:4      | Reached skill level 1 in Air Magic
  5070 | D:4      | Noticed an ogre
  5075 | D:4      | Killed an ogre
  5075 | D:4      | Reached skill level 7 in Spellcasting
  5075 | D:4      | Reached skill level 1 in Fire Magic
  5075 | D:4      | Reached XP level 7. HP: 36/36 MP: 11/25
  5547 | D:4      | Noticed a phantom
  5561 | D:4      | Killed a phantom
  5561 | D:4      | Reached skill level 1 in Poison Magic
  6742 | D:5      | Noticed a centaur
  6750 | D:5      | Killed a centaur
  6750 | D:5      | Reached skill level 5 in Dodging
  6802 | D:5      | Acquired Sif Muna's second power
  6802 | D:5      | Reached skill level 5 in Conjurations
  6977 | D:5      | Found a staircase to the Ecumenical Temple.
  6986 | Temple   | Entered the Ecumenical Temple
  7445 | D:7      | Found a shattered altar of Ashenzari.
  7459 | D:7      | Reached XP level 8. HP: 36/41 MP: 19/27
  7498 | D:6      | Noticed Menkaure
  7508 | D:6      | Killed Menkaure
  7759 | D:6      | Noticed Natasha
  7770 | D:6      | Killed Natasha
  7773 | D:6      | Reached skill level 8 in Spellcasting
  8036 | D:6      | Found an opulent altar of Gozag.
  8202 | D:6      | Noticed faibistes' ghost (experienced DEWz)
  8231 | D:6      | Killed faibistes' ghost
  8576 | D:7      | Reached XP level 9. HP: 45/45 MP: 22/29
  8840 | D:7      | Found a white marble altar of Elyvilon.
  9299 | D:7      | Reached skill level 9 in Spellcasting
  9892 | D:8      | Acquired Sif Muna's third power
  9968 | D:8      | Found a blossoming altar of Fedhas.
 10130 | D:9      | Reached skill level 1 in Charms
 10152 | D:9      | Reached skill level 1 in Invocations
 10152 | D:9      | Reached skill level 1 in Evocations
 10290 | D:9      | Reached skill level 1 in Fighting
 11437 | D:9      | Found an iron altar of Okawaru.
 11580 | D:9      | Found Graer's Book Shoppe.
 11586 | D:10     | Entered Level 10 of the Dungeon
 11586 | D:10     | Noticed a gargoyle
 11614 | D:9      | Found a snail-covered altar of Cheibriados.
 11781 | D:9      | Reached skill level 5 in Fire Magic
 12028 | D:10     | Noticed a molten gargoyle
 12032 | D:10     | Noticed a molten gargoyle
 12034 | D:10     | Slain by a molten gargoyle

Action                   |  1- 3 |  4- 6 |  7- 9 || total
-------------------------+-------+-------+-------++-------
Melee: Dagger            |       |     5 |     4 ||     9
       Staff             |       |       |    10 ||    10
 Cast: Magic Dart        |    87 |   160 |   404 ||   651
       Call Imp          |    11 |     2 |     7 ||    20
       Mephitic Cloud    |     1 |     3 |    22 ||    26
       Repel Missiles    |       |     1 |     1 ||     2
       Conjure Flame     |       |     3 |    26 ||    29
       Blink             |       |       |     3 ||     3
  Use: Scroll            |     1 |     9 |     8 ||    18
  Eat: Chunk             |     4 |     8 |    21 ||    33
